 Dungeon Crawl Stone Soup version 0.18.1-48-g4cf74bf (webtiles) character file.

89991 Krapule the Warrior (level 15, -14/144 HPs)
             Began as a Minotaur Fighter on July 27, 2016.
             Was the Champion of the Shining One.
             Killed from afar by Nikola (17 damage)
             ... with a chain lightning
             ... on level 1 of the Spider Nest on July 30, 2016.
             The game lasted 02:23:03 (23241 turns).

Krapule the Warrior (Minotaur Fighter)             Turns: 23241, Time: 02:23:03

Health: -14/144    AC: 32    Str: 31    XL:     15   Next: 50%
Magic:  23/23      EV: 14    Int: 10    God:    the Shining One [******]
Gold:   115        SH: 23    Dex: 25    Spells: 0 memorised, 14 levels left

rFire  + + .     SeeInvis .     b - +3 scimitar (flame)
rCold  + + .     Gourm    .     y - +9 plate armour of the Equinox {Str+4}
rNeg   + + +     Faith    .     m - +2 shield of Resistance {rF+ rC+ MR+}
rPois  .         Spirit   .     (helmet restricted)
rElec  .         Dismiss  .     A - +1 cloak of Patience {*Drain rF+ Dex+8}
rCorr  .         Reflect  +     V - +0 pair of gloves
SustAt .         Harm     .     G - +0 pair of boots
MR     ++...                    N - +5 amulet of reflection
Stlth  ..........               Z - ring "Zuraphips" {+Inv rC+ Dex+4}
                                F - ring "Kosil" {Str+4 Int+4}

@: glowing, very resistant to hostile enchantments, extremely unstealthy
A: retaliatory headbutt, horns 2
a: Divine Shield, Cleansing Flame, Summon Divine Warrior, Brand Weapon With Holy
Wrath, Renounce Religion, Evoke Invisibility


You were on level 1 of the Spider Nest.
You worshipped the Shining One.
The Shining One was exalted by your worship.
You were very hungry.

You visited 4 branches of the dungeon, and saw 22 of its levels.
You also visited: Labyrinth, Sewer and Ice Cave.

You collected 2326 gold pieces.
You spent 2211 gold pieces at shops.

Inventory:

Hand Weapons
 a - a +0 double sword of slicing
 b - a +3 scimitar of flaming (weapon)
Missiles
 l - 9 javelins (quivered)
Armour
 j - a +3 plate armour of poison resistance
 m - the +2 shield of Resistance (worn) {rF+ rC+ MR+}
   (You bought it in a shop on level 2 of the Orcish Mines)

   It protects you from fire.
   It protects you from cold.
   It affects your resistance to hostile enchantments.
 y - the +9 plate armour of the Equinox (worn) {Str+4}
   (You bought it in a shop on level 2 of the Orcish Mines)

   It affects your strength (+4).
 A - the +1 cloak of Patience (worn) {*Drain rF+ Dex+8}
   (You found it on level 4 of the Dungeon)

   It affects your dexterity (+8).
   It protects you from fire.
   It causes draining when unequipped.
 G - a +0 pair of boots (worn)
 T - the +3 warlock's mirror {reflect}
   (You found it on level 9 of the Dungeon)
 V - a +0 pair of gloves (worn)
Jewellery
 F - the ring "Kosil" (left hand) {Str+4 Int+4}
   (You found it in an ice cave)

   [ring of strength]

   It affects your strength (+4).
   It affects your intelligence (+4).
 N - a +5 amulet of reflection (around neck)
 R - the ring "Poesad" {MR+ MP+9}
   (You found it on level 9 of the Dungeon)

   [ring of protection from magic]

   It affects your resistance to hostile enchantments.
   It affects your magic capacity (+9).
 Z - the ring "Zuraphips" (right hand) {+Inv rC+ Dex+4}
   (You took it off a minotaur in a labyrinth)

   [ring of protection from cold]

   It affects your dexterity (+4).
   It protects you from cold.
   It lets you turn invisible.
Wands
 r - a wand of teleportation (3/9)
 L - a wand of disintegration (14/24)
 O - a wand of heal wounds (0/9)
 Q - a wand of digging (15/24)
Scrolls
 e - 5 scrolls of recharging
 h - 5 scrolls of fear
 i - a scroll of identify
 o - 7 scrolls of remove curse
 D - 3 scrolls of magic mapping
 J - 5 scrolls of blinking
 M - 2 scrolls of teleportation {unknown}
 X - 2 scrolls of noise {unknown}
Potions
 d - 8 potions of might
 g - 3 potions of berserk rage
 k - a potion of magic
 n - 6 potions of haste
 s - 7 potions of flight
 t - 3 potions of agility
 u - 4 potions of lignification
 w - 5 potions of heal wounds
 x - a potion of ambrosia
 z - 2 potions of cancellation
 B - 7 potions of curing
 E - 2 potions of resistance
Comestibles
 f - 13 bread rations
 q - a royal jelly
 v - 51 fruits


   Skills:
 + Level 16.0 Fighting
 + Level 10.8 Long Blades
 + Level 15.8 Armour
 - Level 6.0 Dodging
 - Level 14.0 Shields
 + Level 13.3 Invocations


You had 14 spell levels left.
You didn't know any spells.

Dungeon Overview and Level Annotations

Branches:
Dungeon (11/15)            Temple (0/1) D:7            Lair (8/8) D:11
 Shoals (0/4) Lair:4       Spider (1/4) Lair:5        Slime (0/6) Lair:8
    Orc (2/2) D:9             Elf (0/3) Orc:2

Altars:
Cheibriados
Fedhas
Kikubaaqudgha
Makhleb
Pakellas
Ru
Sif Muna
Vehumet
Xom
Yredelemnul
Zin
The Shining One
Beogh
Jiyva

Shops:
D:4 :   D:7 :   Orc:2 [[(=

Annotations:
D:9 exclusion: orange crystal statue
Spider:1 Aizul, Nikola


Innate Abilities, Weirdness & Mutations

You reflexively headbutt those who attack you in melee.
You have a pair of horns on your head.


Message History

You hear an angry hiss. x3
Evoke which item? (* to show all) (? for menu, Esc to quit)
Zapping:
O - a wand of heal wounds (2/9)
Press: ? - help, Shift-Dir - straight line, f - you You feel much better.
This wand has 1 charge left.
You hear a distant blaring wail to the south.
Evoke which item? (* to show all) (? for menu, Esc to quit)
Zapping:
O - a wand of heal wounds (1/9)
Press: ? - help, Shift-Dir - straight line, f - you You feel much better.
This wand has 0 charges left.
Aizul the Neglectful Guardian comes into view.
Aizul shouts!
Nikola casts a spell.
You hear a mighty clap of thunder!
The lightning arc hits you!
* * * LOW HITPOINT WARNING * * *
The lightning arc hits Nikola.
The lightning arc hits you!
* * * LOW HITPOINT WARNING * * *
The lightning arc hits Nikola.
The lightning arc hits you!
You die...

#....#....#..#...##.#...
###..#.##..##..#..#†.#.#
#..#...#........>....#
##S..#.###..##..#.....
##..#..#....##...#.#. #
#.#..###.#.[###...#.
#.##...## #...# #.##.#
#....#@##....# ...# #.
#....#@†...# ..... .
#..##...#.##....##.#.
..... #...#.# #..#
###(.@. ##. #†.#%. #
.... .. .#.##.## # ##


You could see Nikola and Aizul.

Vanquished Creatures
  Rupert (Lair:7)
  An orc warlord (Orc:2)
  A stone giant (Orc:1)
  A minotaur (Lab)
  5 hydras
  Erica (Lair:1)
  A catoblepas (Lair:7)
  Urug (D:10)
  A dancing weapon (Orc:2)
  8 death yaks
  2 orc high priests (Orc:2)
  Nergalle (Lair:1)
  An unseen horror (D:10)
  3 orc knights
  A lindwurm (Lair:8)
  An ugly thing (D:11)
  2 griffons
  An orb spider (Spider:1)
  7 wolf spiders
  2 cyclopes
  A manticore (D:11)
  An orc sorcerer (Orc:2)
  An oklob plant (Lair:3)
  2 sirens (Lair:4)
  2 hornets (Lair:8)
  3 ice statues (IceCv)
  23 elephants
  10 black mambas
  4 torpor snails
  15 spiny frogs
  4 gargoyles (Lab)
  10 komodo dragons
  4 rime drakes
  2 jumping spiders
  A polar bear (Lair:8)
  A two-headed ogre (D:9)
  A giant leech (Lair:8)
  4 trolls
  26 blink frogs
  4 boulder beetles
  3 redbacks
  69 yaks
  3 basilisks
  8 wyverns
  A wraith (D:10)
  7 hippogriffs
  6 hungry ghosts
  5 wargs
  16 water moccasins
  11 porcupines
  Duvessa (D:5)
  4 sky beasts
  28 orc warriors
  2 black bears
  10 ice beasts
  8 ogres
  2 phantoms (D:10)
  3 wasps (Lair:8)
  11 centaurs
  10 wolves
  16 crocodiles
  6 big kobolds
  22 giant frogs
  A gnoll sergeant (D:8)
  Dowan (D:5)
  A scorpion (D:10)
  6 killer bees (D:8)
  8 wights
  A howler monkey (D:6)
  An electric eel (Lair:4)
  5 crimson imps
  2 jellies
  A quasit (D:10)
  4 centaur zombies
  Crazy Yiuf (D:2)
  A giant frog zombie (D:11)
  23 orc priests
  8 hounds
  3 giant frog skeletons
  25 orc wizards
  2 centaur skeletons
  5 iguanas
  15 worker ants
  33 sheep
  3 hound skeletons
  A worker ant zombie (D:11)
  11 gnolls
  32 adders
  67 river rats
  2 shadow imps
  3 oozes
  5 worms
  A dart slug (D:3)
  5 giant geckos
  86 orcs
  A ball python (D:6)
  9 giant cockroaches
  9 goblins
  A jackal (D:10)
  5 quokkas
  9 bats
  A giant gecko skeleton (D:5)
  4 giant newts
  A jackal skeleton (D:4)
  25 kobolds
  13 rats
  A butterfly (Lair:6)
855 creatures vanquished.

Vanquished Creatures (collateral kills)
  An orc knight (Orc:2)
  2 elephants (Lair:8)
  A black mamba (Lair:8)
  A guardian serpent (Lair:8)
  A spiny frog (Lair:8)
  5 orc warriors (Orc:2)
  An orc wizard (Orc:2)
  6 orcs (Orc:2)
18 creatures vanquished.

Vanquished Creatures (others)
  An orb spider (Spider:1)
  A black mamba (Lair:8)
  A wyvern (D:7)
  A tarantella (Spider:1)
  A centaur (D:11)
  A bush (Lair:5)
  44 fungi
  22 plants
72 creatures vanquished.

Grand Total: 945 creatures vanquished

Notes
Turn   | Place    | Note
--------------------------------------------------------------
     0 | D:1      | Krapule the Minotaur Fighter began the quest for the Orb.
     0 | D:1      | Reached XP level 1. HP: 19/19 MP: 0/0
   135 | D:1      | Reached XP level 2. HP: 27/27 MP: 1/1
   228 | D:1      | Found a glowing golden altar of the Shining One.
   242 | D:1      | Became a worshipper of the Shining One
   649 | D:2      | Reached skill level 1 in Dodging
   649 | D:2      | Reached XP level 3. HP: 28/33 MP: 2/2
   693 | D:2      | Found a faded altar to an unknown god.
   833 | D:2      | Noticed Crazy Yiuf
   846 | D:2      | Killed Crazy Yiuf
   846 | D:2      | Reached skill level 4 in Fighting
   846 | D:2      | Reached XP level 4. HP: 18/40 MP: 3/3
  1461 | D:3      | Found a sacrificial altar of Ru.
  1853 | D:3      | Reached XP level 5. HP: 47/47 MP: 4/4
  1886 | D:3      | Reached skill level 1 in Invocations
  2042 | D:4      | Reached * piety under the Shining One
  2258 | D:4      | Reached skill level 5 in Shields
  2343 | D:4      | Got a jewelled cloak
  2354 | D:4      | Identified the +1 cloak of Patience {*Drain rF+ Dex+8} (You found it on level 4 of the Dungeon)
  2374 | D:4      | Reached XP level 6. HP: 55/55 MP: 5/5
  2579 | D:4      | Reached skill level 5 in Fighting
  2598 | D:4      | Reached skill level 5 in Armour
  2621 | D:4      | Found Oguoc's Book Shoppe.
  2794 | D:5      | Entered Level 5 of the Dungeon
  2837 | D:5      | You fall through a shaft for 3 floors!
  2843 | D:8      | Reached XP level 7. HP: 54/61 MP: 7/7
  2925 | D:7      | Noticed a hippogriff
  2935 | D:7      | Noticed a hungry ghost
  2995 | D:5      | Noticed Duvessa
  2995 | D:5      | Noticed Dowan
  3010 | D:5      | Killed Duvessa
  3020 | D:5      | Killed Dowan
  3072 | D:5      | Found a deep blue altar of Sif Muna.
  3076 | D:5      | Reached ** piety under the Shining One
  3103 | D:5      | Reached skill level 5 in Long Blades
  3159 | D:5      | Found a glowing drain.
  3163 | Sewer    | Entered a sewer
  3298 | Sewer    | Reached skill level 6 in Fighting
  3298 | Sewer    | Reached XP level 8. HP: 70/70 MP: 9/9
  3720 | D:5      | Found a burning altar of Makhleb.
  3721 | D:5      | Found a radiant altar of Vehumet.
  3915 | D:6      | Found an ancient bone altar of Kikubaaqudgha.
  3919 | D:6      | Found a blossoming altar of Fedhas.
  4476 | D:6      | Reached skill level 7 in Fighting
  4562 | D:7      | Found a staircase to the Ecumenical Temple.
  4673 | D:7      | Reached XP level 9. HP: 69/79 MP: 11/11
  4725 | D:7      | Found Xisk's Book Boutique.
  4980 | D:7      | Found an oddly glowing altar of Pakellas.
  4980 | D:7      | Noticed an orange crystal statue
  5228 | D:8      | Reached skill level 5 in Invocations
  5361 | D:8      | Found a shimmering altar of Xom.
  5372 | D:8      | Found a glowing silver altar of Zin.
  5373 | D:8      | Noticed an angel
  5474 | D:8      | Reached skill level 8 in Fighting
  5730 | D:8      | Reached *** piety under the Shining One
  5853 | D:8      | Reached XP level 10. HP: 90/90 MP: 13/13
  6146 | D:9      | Found a staircase to the Orcish Mines.
  6167 | D:9      | Noticed an orange crystal statue
  6173 | D:9      | Got a shimmering glass ring
  6394 | D:9      | Found a basalt altar of Yredelemnul.
  6468 | D:9      | Noticed a hill giant
  6621 | D:9      | Identified the ring "Poesad" {MR+ MP+9} (You found it on level 9 of the Dungeon)
  6682 | D:10     | Entered Level 10 of the Dungeon
  6744 | D:10     | Reached skill level 9 in Fighting
  6846 | D:10     | Noticed an unseen horror
  6854 | D:10     | Killed an unseen horror
  7539 | D:10     | Reached **** piety under the Shining One
  7581 | D:10     | Noticed a cyclops
  7593 | D:10     | Killed a cyclops
  7593 | D:10     | Reached XP level 11. HP: 99/99 MP: 15/15
  8027 | D:10     | Noticed Urug
  8051 | D:10     | Killed Urug
  8051 | D:10     | Reached skill level 10 in Fighting
  8051 | D:10     | Reached skill level 10 in Shields
  8293 | D:11     | Found a staircase to the Lair.
  8302 | D:11     | Found a snail-covered altar of Cheibriados.
  8309 | D:11     | Reached skill level 10 in Armour
  8322 | D:11     | Noticed a red ugly thing
  8341 | D:11     | Killed a red ugly thing
  8341 | D:11     | Reached skill level 5 in Dodging
  8635 | D:11     | Reached ***** piety under the Shining One
  9066 | Lair:1   | Entered Level 1 of the Lair of Beasts
  9150 | Lair:1   | Noticed Nergalle
  9165 | Lair:1   | Noticed a spectral orc warlord
  9185 | Lair:1   | Killed Nergalle
  9201 | Lair:1   | Found a labyrinth entrance.
  9210 | Lab      | Entered a labyrinth
  9478 | Lab      | Reached skill level 11 in Fighting
  9480 | Lab      | Reached XP level 12. HP: 92/110 MP: 17/17
  9791 | Lab      | Noticed a minotaur
  9799 | Lab      | Killed a minotaur
  9801 | Lab      | Got a smoking glass ring
  9808 | Lab      | Identified the ring "Zuraphips" {+Inv rC+ Dex+4} (You took it off a minotaur in a labyrinth)
 10391 | Lair:1   | Noticed Erica
 10411 | Lair:1   | Killed Erica
 10821 | Lair:2   | Found a frozen archway.
 10834 | IceCv    | Entered an ice cave
 11289 | IceCv    | Got a fine platinum ring
 11294 | IceCv    | Identified the ring "Kosil" {Str+4 Int+4} (You found it in an ice cave)
 11345 | Lair:2   | Reached skill level 12 in Fighting
 11586 | Lair:2   | Noticed a four-headed hydra
 11593 | Lair:2   | Killed a one-headed hydra
 12131 | Lair:2   | Reached skill level 10 in Invocations
 12223 | Lair:2   | Reached XP level 13. HP: 114/119 MP: 19/19
 12799 | Lair:3   | Found a glowing silver altar of Zin.
 13287 | Lair:4   | Identified the Disquisition on Shifting Augmentations
 13853 | Lair:4   | You fall through a shaft for 3 floors!
 13895 | Lair:7   | Reached skill level 13 in Fighting
 14390 | Lair:5   | Identified a scroll of acquirement
 15305 | Lair:4   | Found a staircase to the Shoals.
 15725 | Lair:5   | Found a hole to the Spider Nest.
 15865 | Lair:5   | Reached XP level 14. HP: 126/130 MP: 21/21
 16315 | Lair:6   | Reached skill level 14 in Fighting
 16955 | Lair:7   | Noticed Rupert
 18037 | Lair:8   | Entered Level 8 of the Lair of Beasts
 18137 | Lair:8   | Found a viscous altar of Jiyva.
 18137 | Lair:8   | Found a staircase to the Slime Pits.
 18438 | Lair:8   | Reached skill level 15 in Fighting
 18493 | Lair:8   | Reached ****** piety under the Shining One
 19087 | Lair:8   | Reached skill level 15 in Armour
 19793 | Lair:8   | Reached XP level 15. HP: 141/141 MP: 17/23
 19845 | Lair:8   | Got a wavering platinum ring
 19847 | Lair:8   | Identified the ring "Puacsirgh" {rPois rN+ Int-5 Dex+6} (You found it on level 8 of the Lair of Beasts)
 20112 | Lair:7   | Killed Rupert
 20374 | Orc:1    | Entered Level 1 of the Orcish Mines
 20399 | Orc:1    | Reached skill level 10 in Long Blades
 20659 | Orc:1    | Found a roughly hewn altar of Beogh.
 20836 | Orc:2    | Entered Level 2 of the Orcish Mines
 21202 | Orc:2    | Found a roughly hewn altar of Beogh.
 21384 | Orc:2    | Found a staircase to the Elven Halls.
 21475 | Orc:2    | Found a roughly hewn altar of Beogh.
 21864 | Orc:2    | Noticed an orc warlord
 21876 | Orc:2    | Killed an orc warlord
 21898 | Orc:2    | Found Baliapn's Antique Weapon Emporium.
 21916 | Orc:2    | Found Sysmaclu's Antique Armour Shoppe.
 21917 | Orc:2    | Found a roughly hewn altar of Beogh.
 21968 | Orc:2    | Found a roughly hewn altar of Beogh.
 21980 | Orc:2    | Found Ycvol's Jewellery Shop.
 22301 | Orc:2    | Found a roughly hewn altar of Beogh.
 22407 | Orc:2    | Found a roughly hewn altar of Beogh.
 22424 | Orc:2    | Found Mukhipn's Antique Armour Shop.
 22693 | Orc:2    | Bought the +2 shield of Resistance {rF+ rC+ MR+} for 1315 gold pieces
 22693 | Orc:2    | Bought a scorched plate armour for 896 gold pieces
 22716 | Orc:2    | Identified the +9 plate armour of the Equinox {Str+4} (You bought it in a shop on level 2 of the Orcish Mines)
 22807 | Orc:1    | Reached skill level 16 in Fighting
 22995 | Spider:1 | Entered Level 1 of the Spider Nest
 23210 | Spider:1 | Noticed Nikola
 23238 | Spider:1 | HP: 7/144 [Nikola/chain lightning (28)]
 23238 | Spider:1 | The Shining One protects you from harm!
 23241 | Spider:1 | Noticed Aizul
 23241 | Spider:1 | HP: 3/144 [Nikola/chain lightning (15)]
 23241 | Spider:1 | Killed from afar by Nikola

Skill      XL: |  1  2  3  4  5  6  7  8  9 10 11 12 13 14 15 |
---------------+----------------------------------------------+-----
Shields        | 4 5 6 7 8 9 11 12 13 14 | 14.0
Dodging        | 1 2 3 4 6 |  6.0
Fighting       | 4 5 6 7 8 9 11 12 13 15 16 | 16.0
Armour         | 4 5 7 8 9 10 12 13 15 | 15.8
Long Blades    | 3 4 5 6 8 9 10 | 10.8
Invocations    | 1 2 3 4 6 7 8 10 11 12 13 | 13.3

Action                   |  1- 3 |  4- 6 |  7- 9 | 10-12 | 13-15 || total
-------------------------+-------+-------+-------+-------+-------++-------
Melee: Long sword        |    78 |   131 |   334 |   623 |       ||  1166
       Headbutt          |    10 |    30 |    86 |   290 |   432 ||   848
       Scimitar          |       |       |       |   158 |  1051 ||  1209
       Double sword      |       |       |       |       |   209 ||   209
Throw: Javelin           |     1 |       |       |       |       ||     1
Invok: Divine Shield     |       |       |       |     3 |     3 ||     6
       Summon Divine War |       |       |       |       |     3 ||     3
Evoke: Wand              |       |       |     1 |     7 |     9 ||    17
  Use: Scroll            |     2 |     5 |     5 |     6 |    12 ||    30
       Potion            |       |       |       |       |     1 ||     1
  Eat: Chunk             |       |     6 |    12 |    18 |    35 ||    71
       Pizza             |       |       |       |     2 |       ||     2
       Fruit             |       |       |       |     5 |     3 ||     8
Armor: Scale mail        |    12 |       |       |       |       ||    12
       Plate armour      |    53 |    72 |   168 |   234 |   343 ||   870
Dodge: Dodged            |    18 |    18 |    75 |   195 |   404 ||   710
Block: Shield            |    47 |    60 |   242 |    64 |    38 ||   451
       Reflection        |       |       |     3 |    34 |    21 ||    58
       Buckler           |       |       |       |   573 |   921 ||  1494
